 Dungeon Crawl Stone Soup version 0.30-a0-782-ge64f9170bb (webtiles) character file.

Game seed: 8611056365999960767

90 Lavandula the Cudgeller (level 4, 0/35 HPs)
             Began as a Human Monk on Feb 20, 2023.
             Slain by an orc
             ... wielding a +0 flail
              (3 damage)
             ... on level 4 of the Dungeon.
             The game lasted 00:03:39 (1928 turns).

Lavandula the Cudgeller (Human Monk)                Turns: 1928, Time: 00:03:40

Health: 0/35       AC:  3    Str: 12    XL:     4   Next: 85%
Magic:  4/4        EV: 13    Int: 14    God:
Gold:   128        SH:  0    Dex: 15    Spells: 3/3 levels left

rFire   + . .      SeeInvis .    a - +0 mace
rCold   . . .      Faith    .    (no shield)
rNeg    . . .      Spirit   .    b - +0 robe
rPois   .          Reflect  .    (no helmet)
rElec   .          Harm     .    (no cloak)
rCorr   .          Rampage  .    o - +0 pair of gloves
Will    .....      Rage     3%   (no boots)
Stlth   ++                       (no amulet)
HPRegen 0.25/turn                (no ring)
MPRegen 0.09/turn                (no ring)

@: flying
A: berserk 1, clever 1, fire resistance 1
a: no special abilities


You were on level 4 of the Dungeon.
You visited 1 branch of the dungeon, and saw 4 of its levels.

You collected 128 gold pieces.

Inventory:

Hand Weapons
 a - a +0 mace (weapon)
Missiles
 i - 4 poisoned darts (quivered)
 p - 2 atropa-tipped darts
Armour
 b - a +0 robe (worn)
 o - a +0 pair of gloves (worn)
Jewellery
 t - a ring of fire
Scrolls
 d - 2 scrolls of teleportation {unknown}
 j - a scroll of identify {unknown}
 k - a scroll of blinking {unknown}
 l - a scroll of amnesia {unknown}
 m - 2 scrolls of enchant armour {unknown}
 q - a scroll of fear {unknown}
 u - a scroll of brand weapon {unknown}
Potions
 g - a potion of might {unknown}
 h - a potion of haste {unknown}
 n - 2 potions of mutation
 r - a potion of berserk rage {unknown}
 s - a potion of invisibility {unknown}


   Skills:
 - Level 3.0 Fighting
 + Level 5.2 Maces & Flails
 - Level 3.0 Dodging
 - Level 2.0 Stealth


You had 3 spell levels left.
You didn't know any spells.
Your spell library contained the following spells:

 Spells                   Type           Power      Damage    Failure   Level
 Beastly Appendage        Tmut           0%         N/A       28%         1
 Kiss of Death            Conj/Necr      0%         2d5       28%         1
 Wereblood                Tmut           0%         N/A       41%         2
 Spider Form              Tmut/Pois      0%         N/A       65%         3


Dungeon Overview and Level Annotations

Branches:
Dungeon (4/15)
 Temple: D:4-7

Altars:

Shops:
D:4 =


Innate Abilities, Weirdness & Mutations

You sometimes lose your temper in combat.
Your mind is acute. (Int +4, Str/Dex -1)
Your flesh is heat resistant. (rF+)


Message History

The black bear growls angrily.
The orc closely misses the orc.
The orc seems less confused.
An orc is nearby!
Found 16 gold pieces.
You open the door.
Found Vaavac's Jewellery Emporium.
There is an open door here.
The orc hits you with a +0 flail.
* * * LOW HITPOINT WARNING * * *
The orc completely misses you.
Okay, then.
Okay, then.
The orc misses you. The orc attacks as you move away!
The orc closely misses you. The dart slug launches a dart at you.
The slug dart misses you. The orc attacks as you move away!
The orc hits you but does no damage.
An orc comes into view. It is wielding a +0 short sword.
The orc attacks as you move away! The orc barely misses you.
The orc attacks as you move away! The orc hits you with a +0 flail.
* * * LOW HITPOINT WARNING * * *
A scorpion comes into view.
The scorpion moves out of view.
The orc attacks as you move away! The orc hits you with a +0 flail.
* * * LOW HITPOINT WARNING * * *
Throw: 3 darts (atropa)
Press: ? - help, Shift-Dir - straight line, f/p - orc
Aim: an orc, wielding a +0 short sword and wearing a +0 leather armour (59% to hit, chance to blind on hit: 100%)
You throw an atropa-tipped dart. The atropa-tipped dart hits the orc.
The orc appears confused.
The orc is moderately wounded.
The orc hits you with a +0 flail.
* * * LOW HITPOINT WARNING * * *
It was a potion of magic.
Magic courses through your body.
The orc seems less confused.
The orc barely misses you.
It was a potion of flight.
You feel very buoyant.
You fly up into the air.
The orc hits you with a +0 flail.
You die...

.##
#.#.....##.......##..#
#o.###..##.!......o..#
#h.# #...####.##.###.#
#o.###.oo.(.....<#
###o..#oo...o.####
######o####.# #w# ....
#o# ....# #@# ....#
................
.###..#.#......#.
#..#.#.##### #.. ..# #
#.. ### .. ...


You could see an orc wizard, a dart slug and 5 orcs.

Vanquished Creatures
  4 adders
  3 worms (D:3)
  4 dart slugs
  2 endoplasms
  3 giant cockroaches (D:3)
  3 goblins
  2 hobgoblins
  2 jackals (D:3)
  A quokka (D:3)
  4 ball pythons
  2 bats
  3 frilled lizards (D:1)
  A kobold (D:3)
  6 rats
40 creatures vanquished.

Notes
Turn   | Place    | Note
-------+----------+-------------------------------------------
     0 | D:1      | Lavandula the Human Monk began the quest for the Orb.
     0 | D:1      | Reached XP level 1. HP: 18/18 MP: 1/1
    59 | D:1      | Found a faded altar of an unknown god.
    66 | D:1      | Got Plato's Precepts of Despicable Rites
   179 | D:1      | You fall into a shaft and drop 1 floor!
   224 | D:2      | Reached XP level 2. HP: 19/24 MP: 2/2
   351 | D:2      | Reached skill level 4 in Maces & Flails
   351 | D:2      | Reached XP level 3. HP: 10/29 MP: 3/3
  1304 | D:3      | Reached XP level 4. HP: 32/35 MP: 4/4
  1665 | D:3      | Reached skill level 5 in Maces & Flails
  1867 | D:3      | Gained mutation: Your mind is acute. (Int +4, Str/Dex -1)
                  | [potion of mutation]
  1867 | D:3      | Gained mutation: You sometimes lose your temper in combat.
                  | [potion of mutation]
  1867 | D:3      | Gained mutation: Your flesh is heat resistant. (rF+)
                  | [potion of mutation]
  1894 | D:4      | Noticed a black bear
  1909 | D:4      | Found Vaavac's Jewellery Emporium.
  1924 | D:4      | Noticed a scorpion
  1928 | D:4      | Slain by an orc

Illustrated notes

Levels and vault maps discovered:
D:1:      roderic_chinese_lattice_arrival, layout_rooms,
          shapermc_ecumenical_altar_rom_forum
D:2:      layout_rooms, patterned_corridor
D:3:      layout_rooms, pf_just_have_faith
D:4:      layout_loops_cross, minmay_temple_entry_sparse_star, serial_shops,
          shop, shop_fountains, nicolae_shop_window_shopping, shop, shop,
          corexii_checkpoint_a, uniq_sigmund

Skill      XL: |  1  2  3  4 |
---------------+-------------+-----
Maces & Flails | 4 5 |  5.2
Fighting       | |  3.0
Dodging        | |  3.0
Stealth        | |  2.0

Action                     |  1- 3 |  4- 6 || total
---------------------------+-------+-------++-------
  Melee: Mace              |    96 |    79 ||   175
         Punch             |       |     1 ||     1
  Throw: Dart              |       |     3 ||     3
    Use: Potion            |       |     4 ||     4
   Stab: Sleeping          |     6 |     1 ||     7
 Armour: Robe              |    28 |    15 ||    43
  Dodge: Dodged            |    86 |    77 ||   163

Table legend: (Time is in decaauts)
 A = Elapsed time spent in this place.
 B = Non-inter-level travel time spent in this place.
 C = Inter-level travel time spent in this place.
 D = Time resting spent in this place.
 E = Time spent auto-exploring this place.
 F = Levels seen in this place.
 G = Mean time per level.
                   A        B        C        D        E       F      G
               +--------+--------+--------+--------+--------+-----+--------+
         Total |   1959 |   1913 |     46 |    391 |   1011 |   4 |  489.8 |
       Dungeon |   1959 |   1913 |     46 |    391 |   1011 |   4 |  489.8 |
               +--------+--------+--------+--------+--------+-----+--------+

Top non-repeatable levels by time:
     D:2: 840 daAuts
     D:3: 695 daAuts
     D:1: 379 daAuts
     D:4: 43 daAuts
